NPB
HIROSHIMA TOYO CARP @ TOKYO YAKULT SWALLOWS
10/31/2024
 
TOP OF THE 1ST
Baltimore Orioles batting - Pitching for Cleveland Guardians : LHP Logan Allen
Pitching: LHP Logan Allen
Batting: LHB Terrin Vavra 0-0: Called Strike
0-1: Swinging Strike
0-2: Strikes out swinging
Batting: RHB Ramon Urias 0-0: Called Strike
0-1: Called Strike
0-2: Ball
1-2: Ball
2-2: Foul Ball, location: 2F
2-2: Strikes out looking
Batting: RHB Ryan Mountcastle 0-0: Ball
1-0: Foul Ball, location: 2F
1-1: Foul Ball, location: 2F
1-2: Strikes out looking
Top of the 1st over - 0 runs, 0 hits, 0 errors, 0 left on base; Baltimore 0 - Cleveland 0
BOTTOM OF THE 1ST
Cleveland Guardians batting - Pitching for Baltimore Orioles : RHP Mac Sceroler
Pitching: RHP Mac Sceroler
Batting: SHB Jurickson Profar 0-0: Ball
1-0: Called Strike
1-1: Fly out, F8 (Flyball, 8LM, EV 91.2 MPH)
Batting: RHB Amed Rosario 0-0: Foul Ball, location: 2F
0-1: Ball
1-1: Ground out 6-3 (Groundball, 6, EV 86.2 MPH)
Batting: LHB Josh Naylor 0-0: Ball
1-0: Ball
2-0: Called Strike
2-1: Ground out 4-3 (Groundball, 4, EV 85.0 MPH)
Bottom of the 1st over - 0 runs, 0 hits, 0 errors, 0 left on base; Baltimore 0 - Cleveland 0
TOP OF THE 2ND
Baltimore Orioles batting - Pitching for Cleveland Guardians : LHP Logan Allen
Batting: RHB Nelson Cruz 0-0: Ball
1-0: Called Strike
1-1: Swinging Strike
1-2: Ball
2-2: Ball
3-2: Base on Balls
Batting: RHB Khris Davis 0-0: Ball
1-0: Swinging Strike
1-1: Called Strike
1-2: Ball
2-2: Strikes out looking
Batting: LHB Chance Sisco 0-0: Called Strike
0-1: Called Strike
0-2: Strikes out looking
Batting: RHB Jahmai Jones Pickoff Throw to First - Out! 1-3
Top of the 2nd over - 0 runs, 0 hits, 0 errors, 0 left on base; Baltimore 0 - Cleveland 0
BOTTOM OF THE 2ND
Cleveland Guardians batting - Pitching for Baltimore Orioles : RHP Mac Sceroler
Batting: SHB Jose Ramirez 0-0: Ball
1-0: Fly out, F8 (Flyball, 89XD, EV 90.0 MPH)
Batting: LHB Eddie Rosario 0-0: Ball
1-0: Fly out, F9 (Line Drive, 9, EV 91.2 MPH)
Batting: LHB Nolan Jones 0-0: Ball
1-0: Ground out 5-3 (Groundball, 56D, EV 103.1 MPH)
Bottom of the 2nd over - 0 runs, 0 hits, 0 errors, 0 left on base; Baltimore 0 - Cleveland 0
TOP OF THE 3RD
Baltimore Orioles batting - Pitching for Cleveland Guardians : LHP Logan Allen
Batting: RHB Jahmai Jones 0-0: Ball
1-0: Hit by Pitch
Batting: RHB Cadyn Grenier 0-0: Foul Ball, location: 2F
0-1: 2-RUN HOME RUN (Flyball, 78XD, EV 96.9 MPH), Distance : 379 ft
Batting: LHB Cedric Mullins 0-0: Called Strike
0-1: Swinging Strike
0-2: Strikes out looking
Batting: LHB Terrin Vavra 0-0: Ground out 5-3 (Groundball, 56, EV 106.9 MPH)
Batting: RHB Ramon Urias 0-0: Ball
1-0: Swinging Strike
1-1: Ball
2-1: DOUBLE (Line Drive, 5D, EV 98.8 MPH)
Batting: RHB Ryan Mountcastle 0-0: Foul Ball, location: 2F
0-1: Ball
1-1: Ball
2-1: Foul Ball, location: 2F
2-2: Strikes out looking
Top of the 3rd over - 2 runs, 2 hits, 0 errors, 1 left on base; Baltimore 2 - Cleveland 0
BOTTOM OF THE 3RD
Cleveland Guardians batting - Pitching for Baltimore Orioles : RHP Mac Sceroler
Batting: RHB Yu Chang 0-0: Ball
1-0: Ball
2-0: SINGLE (Flyball, 5D, EV 94.4 MPH)
Batting: LHB Ben Gamel 0-0: Foul Ball, location: 2F
0-1: Called Strike
0-2: Ball
1-2: Foul Ball, location: 2F
1-2: Strikes out swinging
Batting: RHB Austin Hedges 0-0: Called Strike
0-1: Ball
1-1: Called Strike
1-2: Foul Ball, location: 2F
1-2: Foul Ball, location: 2F
1-2: Ball
2-2: Strikes out looking
Batting: SHB Jurickson Profar 0-0: Ball
1-0: Called Strike
1-1: Fly out, F7 (Flyball, 78M, EV 87.5 MPH)
Bottom of the 3rd over - 0 runs, 1 hit, 0 errors, 1 left on base; Baltimore 2 - Cleveland 0
TOP OF THE 4TH
Baltimore Orioles batting - Pitching for Cleveland Guardians : LHP Logan Allen
Batting: RHB Nelson Cruz 0-0: Called Strike
0-1: Called Strike
0-2: Strikes out swinging
Batting: RHB Khris Davis 0-0: Ball
1-0: Swinging Strike
1-1: Swinging Strike
1-2: Ball
2-2: Strikes out looking
Batting: LHB Chance Sisco 0-0: SOLO HOME RUN (Flyball, 9LD, EV 90.6 MPH), Distance : 344 ft
Batting: RHB Jahmai Jones 0-0: Called Strike
0-1: Ground out 5-3 (Groundball, 5, EV 78.8 MPH)
Top of the 4th over - 1 run, 1 hit, 0 errors, 0 left on base; Baltimore 3 - Cleveland 0
BOTTOM OF THE 4TH
Cleveland Guardians batting - Pitching for Baltimore Orioles : RHP Mac Sceroler
Batting: RHB Amed Rosario 0-0: DOUBLE (Line Drive, 9LS, EV 110.6 MPH)
Batting: LHB Josh Naylor 0-0: Called Strike
0-1: Ground out 4-3 (Groundball, 34, EV 75.6 MPH)
Amed Rosario to third
Batting: SHB Jose Ramirez 0-0: Called Strike
0-1: Ball
1-1: Called Strike
1-2: Foul Ball, location: 2F
1-2: Ball
2-2: Ball
3-2: Base on Balls
Batting: LHB Eddie Rosario 0-0: Ball
Jose Ramirez steals 2nd base (no throw)
1-0: Foul Ball, location: 2F
1-1: Ball
2-1: Foul Ball, location: 2F
2-2: Ball
3-2: 3-RUN HOME RUN (Flyball, 9D, EV 95.6 MPH), Distance : 346 ft
Batting: LHB Nolan Jones 0-0: Ball
1-0: Ball
2-0: Ball
3-0: Called Strike
3-1: Foul Ball, location: 2F
3-2: Strikes out looking
Batting: RHB Yu Chang 0-0: Foul Ball, location: 2F
0-1: Called Strike
0-2: Ball
1-2: Ball
2-2: SINGLE (Flyball, 4D, EV 92.5 MPH)
Pitching: RHP Reinaldo De Paula
Batting: LHB Ben Gamel 0-0: Ball
1-0: Ball
2-0: Called Strike
2-1: Ball
3-1: Foul Ball, location: 2F
3-2: Foul Ball, location: 2F
3-2: Strikes out swinging
Bottom of the 4th over - 3 runs, 3 hits, 0 errors, 1 left on base; Baltimore 3 - Cleveland 3
TOP OF THE 5TH
Baltimore Orioles batting - Pitching for Cleveland Guardians : LHP Logan Allen
Pitching: LHP Kyle Nelson
Batting: RHB Cadyn Grenier 0-0: Swinging Strike
0-1: Swinging Strike
0-2: Strikes out swinging
Batting: LHB Cedric Mullins 0-0: Called Strike
0-1: Ball
1-1: Fly out, F4 (Line Drive, 4, EV 65.6 MPH)
Batting: LHB Terrin Vavra 0-0: Ball
1-0: Swinging Strike
1-1: Ground out 6-3 (Groundball, 6, EV 102.5 MPH)
Top of the 5th over - 0 runs, 0 hits, 0 errors, 0 left on base; Baltimore 3 - Cleveland 3
BOTTOM OF THE 5TH
Cleveland Guardians batting - Pitching for Baltimore Orioles : RHP Reinaldo De Paula
Batting: RHB Austin Hedges 0-0: Foul Ball, location: 2F
0-1: Swinging Strike
0-2: Ball
1-2: Strikes out swinging
Batting: SHB Jurickson Profar 0-0: Called Strike
0-1: Ball
1-1: Ball
2-1: Ball
3-1: Foul Ball, location: 2F
3-2: Base on Balls
Batting: RHB Amed Rosario 0-0: Called Strike
0-1: Ball
1-1: Called Strike
1-2: Strikes out swinging
Batting: LHB Josh Naylor 0-0: DOUBLE (Flyball, 78D, EV 98.1 MPH)
Jurickson Profar to third
Batting: SHB Jose Ramirez 0-0: Called Strike
0-1: SINGLE (Groundball, 34D, EV 88.1 MPH) (infield hit)
Jurickson Profar scores
Josh Naylor to third
Batting: LHB Eddie Rosario 0-0: Called Strike
0-1: Ball
1-1: Ball
2-1: Foul Ball, location: 2F
2-2: Ball
3-2: Ground out 6-3 (Groundball, 6, EV 103.8 MPH)
Bottom of the 5th over - 1 run, 2 hits, 0 errors, 2 left on base; Baltimore 3 - Cleveland 4
TOP OF THE 6TH
Baltimore Orioles batting - Pitching for Cleveland Guardians : LHP Kyle Nelson
Batting: RHB Ramon Urias 0-0: Foul Ball, location: 2F
0-1: Foul Ball, location: 2F
0-2: Strikes out swinging, 2-3 out at first.
Batting: RHB Ryan Mountcastle 0-0: Swinging Strike
0-1: Fly out, F8 (Flyball, 8LXD, EV 93.8 MPH)
Batting: RHB Nelson Cruz 0-0: Called Strike
0-1: Ball
1-1: Called Strike
1-2: Ball
2-2: Ground out 5-3 (Groundball, 56S, EV 61.9 MPH)
Top of the 6th over - 0 runs, 0 hits, 0 errors, 0 left on base; Baltimore 3 - Cleveland 4
BOTTOM OF THE 6TH
Cleveland Guardians batting - Pitching for Baltimore Orioles : RHP Reinaldo De Paula
Batting: LHB Nolan Jones 0-0: Ball
1-0: Foul Ball, location: 2F
1-1: Ball
2-1: Ball
3-1: Base on Balls
Pitching: RHP Luis Medina
Batting: RHB Yu Chang 0-0: Foul Ball, location: 2F
0-1: Ball
1-1: Swinging Strike
1-2: Strikes out looking
Batting: LHB Ben Gamel 0-0: Called Strike
0-1: Swinging Strike
0-2: Ball
1-2: Foul Ball, location: 2F
1-2: Strikes out swinging
Batting: RHB Austin Hedges 0-0: Foul Ball, location: 2F
0-1: Ball
1-1: Called Strike
1-2: Ball
2-2: Strikes out swinging
Bottom of the 6th over - 0 runs, 0 hits, 0 errors, 1 left on base; Baltimore 3 - Cleveland 4
TOP OF THE 7TH
Baltimore Orioles batting - Pitching for Cleveland Guardians : LHP Kyle Nelson
Batting: RHB Khris Davis 0-0: Swinging Strike
0-1: SINGLE (Popup, 3, EV 54.4 MPH)
Batting: LHB Chance Sisco 0-0: Called Strike
0-1: Foul Ball, location: 2F
0-2: Ball
1-2: Ball
2-2: Foul Ball, location: 2F
2-2: Foul Ball, location: 2F
2-2: Foul Ball, location: 2F
2-2: Foul Ball, location: 2F
2-2: Grounds into double play, 4-6-3 (Groundball, 4, EV 85.6 MPH)
Batting: RHB Jahmai Jones 0-0: Ball
1-0: Ball
2-0: Foul Ball, location: 2F
2-1: Foul Ball, location: 2F
2-2: Strikes out looking
Top of the 7th over - 0 runs, 1 hit, 0 errors, 0 left on base; Baltimore 3 - Cleveland 4
BOTTOM OF THE 7TH
Cleveland Guardians batting - Pitching for Baltimore Orioles : RHP Luis Medina
Pinch Hitting: LHB Jake Bauers 0-0: Ball
1-0: Called Strike
1-1: Foul Ball, location: 2F
1-2: Ball
2-2: Strikes out swinging
Batting: RHB Amed Rosario 0-0: Swinging Strike
0-1: SINGLE (Line Drive, 4D, EV 105.6 MPH)
Pinch Hitting: RHB Franmil Reyes 0-0: Foul Ball, location: 2F
0-1: Ball
1-1: Foul Ball, location: 2F
1-2: Foul Ball, location: 2F
1-2: Foul Ball, location: 2F
1-2: Ball
2-2: Ball
3-2: Foul Ball, location: 2F
3-2: Fly out, F8 (Flyball, 8LM, EV 76.9 MPH)
Pitching: RHP Michael Baumann
Batting: SHB Jose Ramirez 0-0: Called Strike
0-1: Ball
1-1: Swinging Strike
1-2: Ball
2-2: Ball
3-2: Ground out 4-3 (Groundball, 34, EV 101.9 MPH)
Bottom of the 7th over - 0 runs, 1 hit, 0 errors, 1 left on base; Baltimore 3 - Cleveland 4
TOP OF THE 8TH
Baltimore Orioles batting - Pitching for Cleveland Guardians : LHP Kyle Nelson
Pitching: RHP Tyler Viza
Now in LF: Jake Bauers
Now in RF: Jordan Luplow
Pinch Hitting: LHB Charlie Blackmon 0-0: Ball
1-0: Foul Ball, location: 2F
1-1: SINGLE (Line Drive, 4D, EV 104.4 MPH)
Batting: LHB Cedric Mullins 0-0: Foul Ball, location: 2F
0-1: Ball
1-1: Ball
2-1: Ball
3-1: Foul Ball, location: 2F
3-2: Strikes out swinging
Pinch Hitting: LHB Jake Lamb 0-0: Called Strike
0-1: Swinging Strike
0-2: Ball
1-2: Strikes out swinging
Batting: RHB Ramon Urias 0-0: Ball
1-0: Ball
2-0: Ball
3-0: Swinging Strike
3-1: Foul Ball, location: 2F
3-2: Strikes out swinging
Top of the 8th over - 0 runs, 1 hit, 0 errors, 1 left on base; Baltimore 3 - Cleveland 4
BOTTOM OF THE 8TH
Cleveland Guardians batting - Pitching for Baltimore Orioles : RHP Michael Baumann
Now at 3B: Jake Lamb
Now at SS: Jeter Downs
Batting: LHB Bradley Zimmer 0-0: Foul Ball, location: 2F
0-1: Ball
1-1: Foul Ball, location: 2F
1-2: Ball
2-2: Fly out, F8 (Flyball, 8LD, EV 86.2 MPH)
Batting: LHB Nolan Jones 0-0: Ball
1-0: Called Strike
1-1: Ball
2-1: Ball
3-1: Called Strike
3-2: Foul Ball, location: 2F
3-2: Ground out U3 (Groundball, 3, EV 93.8 MPH)
Pinch Hitting: SHB Cesar Hernandez 0-0: Ball
1-0: Fly out, F5 (Line Drive, 6, EV 70.6 MPH)
Bottom of the 8th over - 0 runs, 0 hits, 0 errors, 0 left on base; Baltimore 3 - Cleveland 4
TOP OF THE 9TH
Baltimore Orioles batting - Pitching for Cleveland Guardians : RHP Tyler Viza
Pitching: RHP James Karinchak
Now at 2B: Cesar Hernandez
Pinch Hitting: SHB Adley Rutschman 0-0: Swinging Strike
0-1: Ball
1-1: Foul Ball, location: 2F
1-2: Strikes out swinging
Batting: RHB Yusniel Diaz 0-0: Foul Ball, location: 2F
0-1: Swinging Strike
0-2: Ball
1-2: Ball
2-2: Foul Ball, location: 2F
2-2: Foul Ball, location: 2F
2-2: Strikes out looking
Pinch Hitting: RHB Ryan McKenna 0-0: Swinging Strike
0-1: Called Strike
0-2: Ball
1-2: Foul Ball, location: 2F
1-2: Strikes out looking
Top of the 9th over - 0 runs, 0 hits, 0 errors, 0 left on base; Baltimore 3 - Cleveland 4
Saturday, September 24th , 2022 - OOTP Baseball 23.5 Build 73